Map: Ruins of Seras

Players

Vic

  • Race: Terran Terran

Fayt

  • Race: Terran Terran

Bowsen

  • Race: Protoss Protoss

CaveMan

  • Race: Protoss Protoss

VOD

Have the link to the VOD?

Description

Time

  • Played on: Nov. 11, 2015, 3:34 p.m.
  • Length: 13:31
Show
View Real Time Build Order
Export as new Build Order

Vic Terran 

Build Orders:  

Get SALT Encoding   

  12  0:01  SCV  
  13  0:13  SCV  
  14  0:24  Supply Depot  
  14  0:30  SCV  
  15  0:44  Refinery  
  15  0:46  Supply Depot  
  15  0:47  SCV  
  16  1:00  SCV  
  17  1:10  Supply Depot  
  17  1:12  SCV  
  18  1:24  SCV  
  19  1:34  Barracks  
  19  1:36  SCV  
  20  1:58  Engineering Bay  
  20  1:59  Refinery  
  20  2:00  SCV  
  21  2:12  SCV  
  22  2:23  Supply Depot  
  22  2:24  SCV, Reaper  
  24  2:36  SCV  
  25  2:47  Command Center  
  25  2:48  SCV  
  26  2:56  Reaper  
  27  3:02  Terran Infantry Weapons Level 1  
  27  3:10  Factory  
  26  3:28  Reaper  
  24  4:00  Reaper  
  24  4:01  SCV  
  26  4:11  Barracks  
  26  4:13  SCV  
  27  4:26  SCV  
  28  4:32  Factory Tech Lab, Factory  
  28  4:38  SCV  
  29  4:40  Armory  
  29  4:45  Marine  
  29  4:47  Refinery  
  29  4:50  SCV  
  31  4:56  Terran Infantry Armor Level 1  
  31  4:58  Marine  
  32  5:01  SCV  
  32  5:02  SCV  
  32  5:03  Marine  
  35  5:10  Siege Tank  
  35  5:13  SCV  
  39  5:14  SCV  
  39  5:16  Marine  
  39  5:17  Factory Tech Lab  
  39  5:21  Marine  
  41  5:26  SCV  
  41  5:27  Bunker  
  41  5:28  Bunker  
  43  5:38  SCV  
  44  5:44  Barracks Reactor  
  44  5:50  SCV  
  44  5:52  Marine  
  46  6:01  Terran Vehicle Weapons Level 1  
  46  6:04  Refinery  
  46  6:06  Thor  
  46  6:08  SCV  
  46  6:10  Marine  
  54  6:15  Supply Depot  
  54  6:20  SCV  
  54  6:21  Supply Depot  
  55  6:28  Marine  
  55  6:32  SCV  
  57  6:37  Ghost Academy  
  57  6:40  Thor  
  63  6:55  Reaper  
  64  7:05  SCV  
  65  7:27  Reaper  
  66  7:32  Thor  
  72  7:56  Terran Vehicle And Ship Armor Level 1, Thor  
  78  8:21  Command Center  
  78  8:22  Supply Depot  
  78  8:23  SCV  
  78  8:24  Supply Depot  
  77  8:33  Orbital Command  
  76  8:35  SCV  
  76  8:55  Thor  
  82  8:57  Thor  
  88  9:04  Supply Depot  
  88  9:05  SCV  
  82  9:32  Supply Depot  
  82  9:41  SCV  
  83  9:49  Terran Vehicle Weapons Level 2  
  83  9:53  SCV  
  83  9:58  Sensor Tower  
  84  10:05  SCV  
  85  10:08  Thor  
  91  10:17  SCV  
  92  10:27  Refinery  
  92  10:29  SCV  
  93  10:37  Refinery  
  93  10:41  SCV  
  94  10:53  SCV  
  94  10:55  SCV  
  95  11:08  SCV  
  96  11:12  Siege Tank  
  96  11:14  SCV  
  100  11:24  Siege Tank  
  103  11:26  SCV  
  103  11:50  Thor  
  99  11:56  Thor  
Show
View Real Time Build Order
Export as new Build Order

Fayt Terran 

Build Orders:  

Get SALT Encoding   

  12  0:02  Probe (Chrono Boost)  
  13  0:13  Probe (Chrono Boost)  
  14  0:19  Pylon  
  14  0:23  Probe (Chrono Boost)  
  15  0:37  Probe (Chrono Boost)  
  15  0:42  Gateway  
  16  0:48  Probe (Chrono Boost)  
  17  0:56  Assimilator  
  17  0:58  Probe (Chrono Boost)  
  18  1:04  Pylon  
  18  1:09  Probe (Chrono Boost)  
  19  1:23  Probe (Chrono Boost)  
  20  1:30  Cybernetics Core  
  20  1:31  Zealot  
  22  1:34  Probe (Chrono Boost)  
  22  1:36  Assimilator  
  23  2:02  Nexus  
  23  2:08  Probe (Chrono Boost)  
  23  2:12  Adept (Chrono Boost)  
  26  2:18  Warp Gate (Chrono Boost)  
  26  2:23  Mothership Core  
  28  2:44  Probe  
  29  2:55  Gateway  
  29  3:14  Probe  
  29  3:21  Probe  
  29  3:26  Probe  
  31  3:31  Probe  
  32  3:37  Pylon x2  
  32  3:38  Gateway, Probe  
  33  3:44  Probe  
  34  3:50  Probe  
  34  3:54  Probe  
  35  3:58  Forge  
  36  4:02  Probe  
  36  4:05  Probe  
  36  4:15  Probe, Pylon  
  36  4:16  Probe  
  37  4:19  Pylon  
  37  4:23  Protoss Ground Armor Level 1  
  38  4:26  Probe  
  38  4:28  Probe  
  40  4:39  Assimilator  
  40  4:43  Assimilator  
  40  4:49  Pylon  
  40  4:50  Pylon  
  40  4:51  Pylon  
  40  4:57  Robotics Facility  
  40  4:58  Probe  
  41  5:00  Pylon  
  41  5:04  Zealot x2  
  41  5:05  Zealot  
  47  5:13  Gateway  
  47  5:18  Probe  
  48  5:28  Probe  
  48  5:30  Adept x3  
  55  5:39  Probe  
  56  5:47  Nexus  
  56  5:50  Probe  
  56  5:56  Observer (Chrono Boost)  
  58  6:02  Probe, Protoss Ground Weapons Level 1  
  59  6:08  Robotics Bay  
  59  6:14  Probe  
  60  6:21  Warp Prism (Chrono Boost)  
  62  6:26  Probe  
  62  6:28  Pylon x2  
  63  6:35  Pylon  
  63  6:38  Probe  
  64  6:44  Stalker  
  64  6:45  Stalker x2  
  70  6:48  Sentry  
  70  6:50  Probe  
  73  7:01  Probe  
  73  7:02  Probe  
  75  7:11  Probe  
  75  7:12  Probe  
  75  7:14  Probe  
  78  7:19  Stalker x2  
  78  7:21  Sentry x2  
  78  7:22  Probe  
  86  7:24  Probe, Colossus (Chrono Boost)  
  86  7:27  Probe  
  95  7:32  Probe  
  95  7:36  Probe  
  97  7:39  Probe  
  97  7:43  Probe  
  98  7:51  Probe  
  100  7:52  Assimilator  
  100  7:54  Assimilator  
  100  7:55  Stalker x3  
  100  7:56  Stalker  
  108  8:11  Robotics Facility  
  108  8:19  Zealot x2  
  112  8:20  Zealot x2  
  114  8:52  Twilight Council  
  114  8:57  Stalker  
  114  8:58  Stalker x3  
  122  9:19  Immortal (Chrono Boost)  
  122  9:20  Immortal (Chrono Boost)  
  126  9:38  Dark Shrine  
  126  9:48  Probe (Chrono Boost)  
  126  9:49  Immortal  
  126  9:52  Charge  
  127  9:53  Immortal  
  127  9:59  Probe (Chrono Boost)  
  136  10:03  Protoss Ground Armor Level 2  
  136  10:06  Nexus  
  136  10:09  Gateway  
  136  10:11  Gateway  
  136  10:12  Gateway  
  136  10:13  Gateway  
  136  10:25  Immortal  
  136  10:27  Immortal  
  144  10:58  Robotics Facility  
  144  11:01  Zealot x2  
  148  11:12  Immortal x2  
  148  11:16  Pylon x2  
  148  11:17  Pylon  
  156  11:19  Pylon  
  156  11:24  Dark Templar x3  
  156  11:25  Dark Templar  
  164  11:39  Pylon x2  
  162  11:41  Pylon  
  162  11:42  Pylon  
  162  11:43  Immortal  
  162  11:46  Immortal x2  
  166  12:02  Dark Templar  
  166  12:03  Dark Templar x5  
  166  12:04  Dark Templar x2  
  178  12:17  Immortal  
  182  12:35  Dark Templar  
  182  12:36  Dark Templar x5  
  182  12:37  Dark Templar x2  
  198  12:46  Nexus  
  198  12:48  Pylon  
  198  12:52  Pylon  
Show
View Real Time Build Order
Export as new Build Order

Bowsen Protoss 

Build Orders:  

Get SALT Encoding   

Show
View Real Time Build Order
Export as new Build Order

CaveMan Protoss 

Build Orders:  

Get SALT Encoding   

Tags
 
Add a new tag
Caveats
  • Supply blocks, unpowered buildings, or Contaminate may cause inaccurate times.
  • Supply counts are checked every 10 seconds.